[Event "ICC Open 2015"]
[Site "Internet Chess Club"]
[Date "2015.05.29"]
[Round "7"]
[White "airantrobo"]
[Black "Theunrock"]
[Result "0-1"]
[ICCResult "White checkmated"]
[WhiteElo "1604"]
[BlackElo "1932"]
[Opening "QGD: Albin counter-gambit, Alapin variation"]
[ECO "D08"]
[NIC "QG.02"]
[Time "20:37:24"]
[TimeControl "180+0"]

1. d4 d5 2. c4 e5 3. dxe5 d4 4. Nf3 Nc6 5. Nbd2 Bg4 6. h3 Bf5 7. a3 a5 8. g3
Qd7 9. Bg2 O-O-O 10. g4 Bg6 11. O-O h5 12. g5 Nge7 13. h4 Nf5 14. Bh3 Bc5
15. b4 axb4 16. axb4 Bxb4 17. Ra8+ Nb8 18. Ne4 b6 19. Qb3 c5 20. Qa2 Qb7 21.
Bxf5+ Bxf5 22. Nd6+ Rxd6 23. exd6 Ba5 24. Rxb8+ Kxb8 25. Ne5 Rd8 26. Bf4 Kc8
27. Rd1 Rxd6 28. Nd3 Rd8 29. Qa4 Qd7 30. Qc2 Qc6 31. Bg3 Re8 32. f3 Qe6 33.
Nf4 Bxc2 34. Nxe6 Rxe6 35. Rc1 Rxe2 36. Kf1 Bd3 37. Kg1 Bf5 38. Re1 Bxe1 39.
Bxe1 Rxe1+ 40. Kf2 Rc1 41. Ke2 Rxc4 42. f4 b5 43. Kd2 b4 44. Ke2 b3 45. Kf3
b2 46. g6 fxg6 47. Kg3 b1=Q 48. Kf2 Qe4 49. Kg3 Rc3+ 50. Kf2 Qc2+ 51. Kf1
Qb2 52. Kg1 Rc1# {White checkmated} 0-1

[Event "ICC Open 2015"]
[Site "Internet Chess Club"]
[Date "2015.05.29"]
[Round "7"]
[White "marabu"]
[Black "DarkThrone"]
[Result "0-1"]
[ICCResult "White resigns"]
[WhiteElo "2016"]
[BlackElo "2395"]
[Opening "Nimzovich-Larsen attack: classical variation"]
[ECO "A01"]
[NIC "VO.08"]
[Time "20:37:50"]
[TimeControl "180+0"]

1. b3 d5 2. Bb2 c5 3. e3 Nf6 4. f4 g6 5. Nf3 Bg7 6. Bb5+ Bd7 7. a4 O-O 8.
O-O Qc7 9. Be5 Qc8 10. Na3 a6 11. Bxd7 Nbxd7 12. Bb2 Qc6 13. Qe2 Rab8 14.
Ne5 Nxe5 15. Bxe5 Rbc8 16. c3 Nd7 17. Bxg7 Kxg7 18. Nc2 b5 19. axb5 axb5 20.
Ra7 Ra8 21. Rfa1 Nb6 22. Rxa8 Rxa8 23. Qd1 e6 24. Rxa8 Qxa8 25. Qa1 Qxa1+
26. Nxa1 c4 27. Kf2 h5 28. Ke2 Kf6 29. d3 Kf5 30. bxc4 bxc4 31. dxc4 Nxc4
32. Kd3 Kg4 33. Nc2 h4 34. Nd4 h3 35. gxh3+ Kxh3 36. Nf3 Nd6 37. Ng5+ Kxh2
38. e4 Kg3 39. exd5 exd5 40. Kd4 Kxf4 41. Nh7 Nb5+ 42. Kd3 Nc7 43. Kd4 g5
44. Nf6 g4 45. Kc5 g3 46. Nh5+ Kf3 47. Nxg3 Kxg3 48. Kc6 f5 49. Kxc7 f4 50.
Kd6 f3 51. Kxd5 f2 52. c4 f1=Q 53. c5 Qd1+ 54. Kc6 Kf4 55. Kb6 Qb1+ 56. Kc7
Ke5 57. c6 Qb5 {White resigns} 0-1

[Event "ICC Open 2015"]
[Site "Internet Chess Club"]
[Date "2015.05.29"]
[Round "7"]
[White "gmgattass"]
[Black "shredded"]
[Result "0-1"]
[ICCResult "White resigns"]
[WhiteElo "2266"]
[BlackElo "2729"]
[Opening "Queen's Indian: 4.Nc3"]
[ECO "E12"]
[NIC "QI.02"]
[Time "20:37:50"]
[TimeControl "180+0"]

1. d4 Nf6 2. Nf3 e6 3. c4 b6 4. Nc3 Bb7 5. g3 d5 6. cxd5 Nxd5 7. Bg2 Nxc3 8.
bxc3 Be7 9. O-O O-O 10. a4 Qc8 11. a5 Nc6 12. axb6 cxb6 13. Bd2 Na5 14. Qb1
Rd8 15. Rc1 Nc4 16. Be1 Qc6 17. Nh4 Qc7 18. Bxb7 Qxb7 19. Ng2 Rac8 20. f3
Bg5 21. f4 Be7 22. e4 Nd6 23. e5 Nc4 24. Rc2 Rc7 25. Re2 Rdc8 26. Qd3 Qd5
27. f5 Bf8 28. Nf4 Qd7 29. g4 b5 30. Qh3 g6 31. Rg2 b4 32. d5 Nxe5 33. dxe6
fxe6 34. Nxe6 Rxc3 35. Bxc3 Rxc3 36. Rg3 Bc5+ 37. Nxc5 Qd4+ 38. Kh1 Rxg3 39.
Qxg3 Qxa1+ 40. Kg2 Qb2+ 41. Kh3 Qc3 42. f6 Qxc5 43. Qe1 Qc3+ {White resigns}
0-1

[Event "ICC Open 2015"]
[Site "Internet Chess Club"]
[Date "2015.05.29"]
[Round "7"]
[White "iamGodskid"]
[Black "spartan62"]
[Result "1-0"]
[ICCResult "Black forfeits on time"]
[WhiteElo "1447"]
[BlackElo "1281"]
[Opening "Mieses opening"]
[ECO "A00"]
[NIC "VO.13"]
[Time "20:37:45"]
[TimeControl "180+0"]

1. d3 c5 2. g3 Nf6 3. Bg2 Nc6 4. Nf3 d5 5. Bg5 Ng4 6. h3 Nge5 7. Nxe5 Nxe5
8. Bf4 Ng6 9. Bd2 e5 10. O-O Be7 11. e4 d4 12. Na3 O-O 13. h4 Be6 14. h5 Nh8
15. h6 gxh6 16. Bxh6 Ng6 17. Bxf8 Bxf8 18. f4 exf4 19. gxf4 Bd7 20. f5 Ne5
21. Qh5 Kh8 22. f6 Bg4 23. Qh4 Be6 24. Nc4 Ng6 25. Qh5 b5 26. Nd2 c4 27. Nf3
cxd3 28. Ng5 h6 29. cxd3 Qc7 30. Nxe6 Qg3 31. Rf3 Qh4 32. Qf5
{Black forfeits on time}
1-0

[Event "ICC Open 2015"]
[Site "Internet Chess Club"]
[Date "2015.05.29"]
[Round "7"]
[White "hatorade"]
[Black "nurmi"]
[Result "0-1"]
[ICCResult "White forfeits on time"]
[WhiteElo "1873"]
[BlackElo "2235"]
[Opening "King's Indian: fianchetto, Yugoslav, 7.O-O"]
[ECO "E65"]
[NIC "KI.69"]
[Time "20:37:00"]
[TimeControl "180+0"]

1. Nf3 d6 2. d4 g6 3. g3 Bg7 4. Bg2 Nf6 5. O-O O-O 6. c4 c5 7. Nc3 Nc6 8. e4
Bg4 9. d5 Nb4 10. a3 Na6 11. Be3 Nd7 12. h3 Bxf3 13. Bxf3 Ne5 14. Be2 Nc7
15. f4 Nd7 16. g4 a6 17. a4 b6 18. Bd3 e6 19. g5 exd5 20. cxd5 f5 21. h4 Qe7
22. Qd2 Rae8 23. Rae1 fxe4 24. Bc4 Kh8 25. Qe2 Qf7 26. h5 Qf5 27. h6 Bxc3
28. bxc3 Nxd5 29. Bxd5 Qxd5 30. Qxa6 Qf5 31. Qe2 d5 32. Qg2 Re7 33. Rb1 Rfe8
34. a5 bxa5 35. Rb7 Kg8 36. Qa2 Qe6 37. Rd1 d4 38. Qxe6+ Rxe6 39. Rxd7 dxe3
40. Kf1 e2+ {White forfeits on time} 0-1

[Event "ICC Open 2015"]
[Site "Internet Chess Club"]
[Date "2015.05.29"]
[Round "7"]
[White "hamballe"]
[Black "Dewey"]
[Result "1-0"]
[ICCResult "Black resigns"]
[WhiteElo "1447"]
[BlackElo "1326"]
[Opening "QGD: Marshall defense"]
[ECO "A50"]
[NIC "QP.07"]
[Time "20:38:11"]
[TimeControl "180+0"]

1. d4 Nf6 2. c4 d5 3. cxd5 Nxd5 4. e4 Nf6 5. Nc3 e6 6. Nf3 Bb4 7. Bc4 O-O 8.
O-O a6 9. Qc2 b5 10. Bd3 Bb7 11. e5 Nd5 12. Bxh7+ Kh8 13. Be4 Nc6 14. Nxd5
exd5 15. Bd3 Ne7 16. Bg5 Qd7 17. Rac1 Rac8 18. Qe2 Ba5 19. a3 Bb6 20. Rfe1
g6 21. e6 fxe6 22. Qxe6 Qxe6 23. Rxe6 Nf5 24. Bf6+ Kg8 25. Be5 Rce8 26.
Rxg6+ Kf7 27. Rf6+ Ke7 28. Rxf5 Rxf5 29. Bxf5 Rf8 30. Bd3 Rg8 31. Bxc7
{Black resigns}
1-0

[Event "ICC Open 2015"]
[Site "Internet Chess Club"]
[Date "2015.05.29"]
[Round "7"]
[White "Cramagica"]
[Black "cap78red"]
[Result "0-1"]
[ICCResult "White forfeits on time"]
[WhiteElo "1200"]
[BlackElo "1360"]
[Opening "English opening"]
[ECO "A05"]
[NIC "QP.11"]
[Time "20:37:32"]
[TimeControl "180+0"]

1. Nf3 Nf6 2. c4 g6 3. g3 Bg7 4. Bg2 d5 5. cxd5 Nxd5 6. O-O c6 7. Nc3 O-O 8.
d4 Nxc3 9. bxc3 Bg4 10. h3 Bxf3 11. Bxf3 Nd7 12. Ba3 Re8 13. e4 e5 14. dxe5
Nxe5 15. Qxd8 Nxf3+ 16. Kg2 Raxd8 17. Kxf3 Bxc3 18. Rab1 b5 19. Bc1 Rd3+ 20.
Be3 c5 21. Rfd1 Rxd1 22. Rxd1 b4 23. Rd5 c4 24. Bxa7 b3 25. axb3 cxb3 26.
Rb5 b2 27. Be3 Rd8 28. g4 Rd1 29. Ke2 b1=Q 30. Rxb1 Rxb1 31. Kf3 Rb3 32. Kg2
Be5 33. h4 Rxe3 34. fxe3 f5 35. exf5 gxf5 36. gxf5 Kf7 37. e4 h5 38. Kh3 Kf6
39. Kg2 Bf4 40. Kf3 Bh6 41. Kg2 Ke5 42. Kf3 Bc1 43. Kg2 Kxe4 44. f6 Ba3
{White forfeits on time}
0-1

[Event "ICC Open 2015"]
[Site "Internet Chess Club"]
[Date "2015.05.29"]
[Round "7"]
[White "OuttaShape"]
[Black "Lzmann"]
[Result "1-0"]
[ICCResult "Black resigns"]
[WhiteElo "2127"]
[BlackElo "1797"]
[Opening "French: Winawer, advance, Bogolyubov variation"]
[ECO "C17"]
[NIC "FR.10"]
[Time "20:37:27"]
[TimeControl "180+0"]

1. e4 e6 2. d4 d5 3. Nc3 Bb4 4. e5 c5 5. Bd2 cxd4 6. Nb5 Be7 7. Qg4 g6 8.
Nf3 a6 9. Nbxd4 Bd7 10. h4 h5 11. Qf4 Nc6 12. O-O-O Nh6 13. Bd3 Nf5 14. Bxf5
gxf5 15. Qg3 Qb6 16. Bg5 Qa5 17. Bxe7 Nxe7 18. Kb1 O-O-O 19. Ng5 Rhf8 20.
Qf3 Kb8 21. Qxh5 Be8 22. Qh6 Rg8 23. Qf6 Rf8 24. Qxe7 Bb5 25. Nxb5 axb5 26.
Nxf7 Rde8 27. Qd6+ Ka8 28. Ng5 Qa4 29. Nxe6 Rc8 30. Nc7+ Ka7 31. b3 Qa5 32.
Nxd5 Rfd8 33. Qb6+ Qxb6 34. Nxb6 Kxb6 35. Rxd8 Rxd8 36. h5 Rd2 37. h6 Rxf2
38. h7 Rxg2 39. h8=Q f4 40. Qf6+ Ka7 41. Qxf4 Rg7 42. Qd4+ Ka6 43. e6 Re7
44. Qd6+ {Black resigns} 1-0

[Event "ICC Open 2015"]
[Site "Internet Chess Club"]
[Date "2015.05.29"]
[Round "7"]
[White "EndgamesMaster"]
[Black "yaguaro"]
[Result "0-1"]
[ICCResult "White forfeits on time"]
[WhiteElo "1744"]
[BlackElo "2079"]
[Opening "Alekhine's defense: modern, Schmid variation"]
[ECO "B03"]
[NIC "AL.09"]
[Time "20:38:07"]
[TimeControl "180+0"]

1. e4 Nf6 2. e5 Nd5 3. d4 Nb6 4. Nf3 d6 5. exd6 exd6 6. Be2 Bg4 7. O-O Be7
8. c4 O-O 9. Nc3 Nc6 10. d5 Bxf3 11. Bxf3 Ne5 12. c5 dxc5 13. Be4 f5 14. Bc2
Bd6 15. f4 Ng4 16. Bxf5 Rxf5 17. Qxg4 Qf6 18. Ne4 Qd4+ 19. Kh1 Qxe4 20. Bd2
Raf8 21. Bc3 R5f7 22. Rae1 Qg6 23. Qe6 Qf5 24. Rf3 Qxd5 25. Qg4 Qf5 26. Qh4
Be7 27. Rxe7 Nd5 28. Rxf7 Qxf7 29. Rg3 Nxc3 30. bxc3 Qxf4 31. Qxf4 Rxf4 32.
h3 Rf2 33. Rg5 b6 34. Rd5 Rxa2 35. Rd8+ Kf7 36. Rd7+ Kf6 37. Rxc7 h6 38. Kh2
Kg6 {White forfeits on time} 0-1

[Event "ICC Open 2015"]
[Site "Internet Chess Club"]
[Date "2015.05.29"]
[Round "7"]
[White "Plantdawg"]
[Black "Blondicheck"]
[Result "1-0"]
[ICCResult "Black checkmated"]
[WhiteElo "1801"]
[BlackElo "1540"]
[Opening "Réti opening"]
[ECO "A30"]
[NIC "QP.10"]
[Time "20:37:51"]
[TimeControl "180+0"]

1. Nf3 c5 2. c4 Nc6 3. g3 e5 4. Bg2 e4 5. Ng1 f5 6. d3 exd3 7. exd3 Nf6 8.
Nc3 b6 9. Nge2 Bb7 10. O-O Qc7 11. Nf4 O-O-O 12. Nfd5 Nxd5 13. Nxd5 Qd6 14.
Bf4 Qg6 15. Re1 d6 16. a4 Nd4 17. a5 Bxd5 18. Bxd5 Kc7 19. axb6+ Kxb6 20. b4
cxb4 21. Qa4 Rb8 22. Qxb4+ Kc7 23. Rxa7+ Kc8 24. Ra8 Rxa8 25. Bxa8 Qf7 26.
Bd5 Qc7 27. Ra1 Nc6 28. Ra8+ Nb8 29. Be6+ Kd8 30. Rxb8+ Ke7 31. Bd5 Qc5 32.
Qb7+ Kf6 33. Re8 g5 34. Re6# {Black checkmated} 1-0

[Event "ICC Open 2015"]
[Site "Internet Chess Club"]
[Date "2015.05.29"]
[Round "7"]
[White "fredx"]
[Black "NietzscheBac"]
[Result "0-1"]
[ICCResult "White forfeits on time"]
[WhiteElo "1153"]
[BlackElo "1595"]
[Opening "King's Indian: Smyslov system"]
[ECO "E60"]
[NIC "KI.80"]
[Time "20:37:00"]
[TimeControl "180+0"]

1. d4 Nf6 2. c4 g6 3. Bg5 Bg7 4. Nf3 d6 5. Nc3 O-O 6. e3 c5 7. dxc5 dxc5 8.
Qb3 Nbd7 9. Be2 Qb6 10. Qc2 h6 11. O-O hxg5 12. Nxg5 Nh7 13. Nxh7 Kxh7 14.
h4 Nf6 15. g3 Bg4 16. f3 Be6 17. Rfd1 Rad8 18. Re1 Qc7 19. Kg2 Nh5 20. f4
Qc6+ 21. Bf3 Qc7 22. Ne4 Rd7 23. Ng5+ Kg8 24. Nxe6 fxe6 25. Qxg6 Rd2+ 26.
Re2 Rxe2+ 27. Bxe2 Nf6 28. h5 Qc6+ 29. Bf3 Qe8 30. Qg5 Qf7 31. h6 Nh7 32.
Qg4 Qf5 33. Qxf5 exf5 34. hxg7 Kxg7 35. Rd1 Nf6 36. Bxb7 Ng4 37. Bf3 Rh8 38.
Rh1 Rh2+ {White forfeits on time} 0-1

[Event "ICC Open 2015"]
[Site "Internet Chess Club"]
[Date "2015.05.29"]
[Round "7"]
[White "gioachino82"]
[Black "born2die"]
[Result "0-1"]
[ICCResult "White forfeits on time"]
[WhiteElo "1406"]
[BlackElo "1667"]
[Opening "Alekhine's defense: four pawns attack, Trifunovic variation"]
[ECO "B03"]
[NIC "AL.07"]
[Time "20:37:14"]
[TimeControl "180+0"]

1. e4 Nf6 2. e5 Nd5 3. d4 d6 4. c4 Nb6 5. f4 Bf5 6. Nc3 e6 7. Nf3 c5 8. d5
exd5 9. cxd5 dxe5 10. fxe5 Be7 11. Bb5+ Bd7 12. d6 Bh4+ 13. Kf1 O-O 14. Bd3
Bg4 15. Qc2 h6 16. Bf4 Bxf3 17. gxf3 Nd5 18. Nxd5 Nc6 19. a3 Nd4 20. Qd1 b5
21. Be4 Rb8 22. b4 Ne6 23. Bg3 c4 24. Kg2 f5 25. exf6 Bxf6 26. Nxf6+ Qxf6
27. d7 Nf4+ 28. Kf1 Rbd8 29. Qd2 Ne6 30. Rd1 Ng5 31. Qe3 Qb2 32. Rd2 Qc1+
33. Kg2 Qxd2+ 34. Qxd2 Rf7 35. Qd5 Kf8 {White forfeits on time} 0-1

[Event "ICC Open 2015"]
[Site "Internet Chess Club"]
[Date "2015.05.29"]
[Round "7"]
[White "chabotheking"]
[Black "Eros"]
[Result "1-0"]
[ICCResult "Black resigns"]
[WhiteElo "2442"]
[BlackElo "3009"]
[Opening "Sicilian: closed"]
[ECO "B23"]
[NIC "SI.44"]
[Time "20:37:49"]
[TimeControl "180+0"]

1. e4 c5 2. Nc3 e6 3. f4 a6 4. Nf3 b5 5. g3 Bb7 6. d3 d5 7. Qe2 Nf6 8. e5 d4
9. exf6 dxc3 10. bxc3 Qxf6 11. Bb2 b4 12. Rb1 bxc3 13. Ba1 Bd5 14. Bg2 Nc6
15. Ne5 Nd4 16. Qf2 Bd6 17. Bxd5 exd5 18. Rb6 Rb8 19. Rxb8+ Bxb8 20. Bxc3
Bxe5 21. fxe5 Qxe5+ 22. Kd2 O-O 23. Bxd4 cxd4 24. Re1 Qg5+ 25. Qf4 Qd8 26.
Qxd4 Qa5+ 27. Qc3 Qb6 28. Re2 d4 29. Qb3 Qd6 30. Kc1 Rb8 31. Re4 Rd8 32. Rf4
Rd7 33. Re4 g6 34. Re8+ Kg7 35. Qb8 Qa3+ 36. Kd1 Rd5 37. Rg8+ Kh6 38. Qf4+
{Black resigns}
1-0

[Event "ICC Open 2015"]
[Site "Internet Chess Club"]
[Date "2015.05.29"]
[Round "7"]
[White "weezil"]
[Black "PajoPatak"]
[Result "1-0"]
[ICCResult "Black forfeits on time"]
[WhiteElo "1960"]
[BlackElo "1585"]
[Opening "Trompowsky attack (Ruth, Opocenský opening)"]
[ECO "A45"]
[NIC "QP.07"]
[Time "20:36:59"]
[TimeControl "180+0"]

1. d4 Nf6 2. Bg5 d5 3. e3 Nbd7 4. f4 Ne4 5. Bh4 Ndf6 6. Nf3 e6 7. Bd3 Be7 8.
O-O O-O 9. Nbd2 b6 10. Ne5 Bb7 11. c3 c5 12. Nxe4 dxe4 13. Bc2 cxd4 14. exd4
b5 15. a3 a5 16. Qe2 b4 17. axb4 axb4 18. Bxf6 Bxf6 19. Bxe4 Qc7 20. Bxb7
Qxb7 21. Qe3 bxc3 22. bxc3 Qc7 23. Rac1 Ra2 24. Rf2 Rfa8 25. Rxa2 Rxa2 26.
Qf3 g6 27. Ng4 Bg7 28. h4 h5 29. Ne5 Qd8 30. Qg3 Qa5 31. Rf1 Rc2 32. Rf3
Qa1+ 33. Kh2 Qc1 34. Qg5 Bxe5 35. Qd8+ Kg7 36. fxe5 Rxg2+ 37. Kxg2 Qd2+ 38.
Rf2 Qxf2+ 39. Kxf2 g5 40. Qxg5+ Kf8 41. Qxh5 Ke8 42. Qg5 Kd7 43. Qf6 Kc6 44.
h5 Kd5 45. h6 Kc4 46. h7 Kxc3 47. h8=Q Kxd4 48. Qhg7 Kd5 49. Qgxf7 Kc4 50.
Q6xe6+ Kd4 51. Qd6+ Kc3 52. e6 Kb2 53. Qfc7 Ka1 54. Qdb6
{Black forfeits on time}
1-0

[Event "ICC Open 2015"]
[Site "Internet Chess Club"]
[Date "2015.05.29"]
[Round "7"]
[White "jorgeearroyo"]
[Black "ehkopean"]
[Result "0-1"]
[ICCResult "White forfeits on time"]
[WhiteElo "1223"]
[BlackElo "1670"]
[Opening "Caro-Kann: Hillbilly attack"]
[ECO "B10"]
[NIC "CK.01"]
[Time "20:38:25"]
[TimeControl "180+0"]

1. e4 c6 2. Bc4 d5 3. exd5 cxd5 4. Bb5+ Nc6 5. Nf3 Nf6 6. Ne5 Bd7 7. Nxd7
Qxd7 8. O-O a6 9. Be2 e6 10. d4 Bd6 11. Bg5 Ne4 12. Bh4 Be7 13. Bxe7 Qxe7
14. f3 Nf6 15. Nc3 Qb4 16. Rb1 Qxd4+ 17. Qxd4 Nxd4 18. Bd3 O-O 19. Rfe1 Rac8
20. Ne2 Nxc2 21. Bxc2 Rxc2 22. Nc3 b5 23. a3 Rc8 24. g4 h6 25. h3 Rc5 26. f4
Rc4 27. g5 hxg5 28. fxg5 Nh7 29. Rf1 Nxg5 {White forfeits on time} 0-1

[Event "ICC Open 2015"]
[Site "Internet Chess Club"]
[Date "2015.05.29"]
[Round "7"]
[White "Kyekerz"]
[Black "Willy809"]
[Result "0-1"]
[ICCResult "White checkmated"]
[WhiteElo "1258"]
[BlackElo "1705"]
[Opening "Sicilian: Najdorf, Zagreb (fianchetto) variation"]
[ECO "B91"]
[NIC "SI.14"]
[Time "20:38:13"]
[TimeControl "180+0"]

1. e4 c5 2. Nf3 d6 3. d4 cxd4 4. Nxd4 Nf6 5. Nc3 a6 6. g3 e6 7. Bg2 Be7 8.
O-O O-O 9. Bg5 h6 10. Be3 Nc6 11. Qd3 Ng4 12. a3 Nce5 13. Qd1 Nxe3 14. fxe3
Nc4 15. b3 Nxe3 16. Qf3 Nxf1 17. Rxf1 Qb6 18. Ne2 e5 19. Qd3 Bf6 20. Kh1
exd4 21. Rd1 Bg4 22. Bf3 h5 23. Kg2 Rac8 24. Rd2 Bg5 25. Qxd4 Qxd4 26. Rxd4
Rxc2 27. Bxg4 hxg4 28. Kf2 Re8 29. Kf1 Bf6 30. Rxd6 Rxe4 31. Nf4 Be5 32.
Rd8+ Kh7 33. Rd1 Bxf4 34. gxf4 Rxf4+ 35. Kg1 Rff2 36. b4 Rg2+ 37. Kf1 Rcf2+
38. Ke1 Rxh2 39. Rd7 g3 40. Rxb7 Rh1# {White checkmated} 0-1

[Event "ICC Open 2015"]
[Site "Internet Chess Club"]
[Date "2015.05.29"]
[Round "7"]
[White "WayTooRighteous"]
[Black "DropZone"]
[Result "0-1"]
[ICCResult "White resigns"]
[WhiteElo "1925"]
[BlackElo "2111"]
[Opening "Sicilian: Smith-Morra gambit"]
[ECO "B21"]
[NIC "OI.09"]
[Time "20:37:38"]
[TimeControl "180+0"]

1. d4 c5 2. e4 cxd4 3. c3 dxc3 4. Nxc3 e6 5. Nf3 a6 6. Bc4 b5 7. Bb3 Bb7 8.
O-O Nc6 9. Bf4 Na5 10. Nd5 Rc8 11. Rc1 Nxb3 12. Nc7+ Rxc7 13. Bxc7 Qa8 14.
Qxb3 Bxe4 15. Rfe1 Nf6 16. Bg3 Be7 17. Rc3 O-O 18. Rd1 Bd5 19. Qc2 Ne4 20.
Re3 Rc8 21. Qb1 Bc5 22. Ree1 Nxg3 23. hxg3 Bxf3 24. gxf3 Qxf3 25. Rd2 Qxg3+
26. Kf1 Qh3+ 27. Kg1 Bb4 28. Rc1 Qg4+ 29. Kf1 Qh3+ 30. Kg1 Rxc1+ 31. Qxc1
Qg4+ 32. Kf1 h5 33. Ke1 Bxd2+ 34. Qxd2 Qg1+ 35. Ke2 Qg4+ 36. Ke1 d5 37. Qc3
Qe4+ 38. Kd2 Qc4 39. Qg3 Qd4+ 40. Kc2 Qe4+ 41. Kd2 h4 42. Qb8+ Kh7 43. Qc7
Qd4+ 44. Kc1 Qc4+ {White resigns} 0-1

[Event "ICC Open 2015"]
[Site "Internet Chess Club"]
[Date "2015.05.29"]
[Round "7"]
[White "Shafkat"]
[Black "Ira57"]
[Result "0-1"]
[ICCResult "White forfeits on time"]
[WhiteElo "1574"]
[BlackElo "1877"]
[Opening "French: advance, Paulsen attack"]
[ECO "C02"]
[NIC "FR.03"]
[Time "20:37:07"]
[TimeControl "180+0"]

1. e4 e6 2. d4 d5 3. e5 c5 4. c3 Nc6 5. Nf3 Qb6 6. a3 a5 7. Be2 Nge7 8. dxc5
Qc7 9. O-O Ng6 10. Nbd2 Bxc5 11. Nb3 Be7 12. Nbd4 Ngxe5 13. Nxe5 Qxe5 14.
Nb5 O-O 15. g3 Qf6 16. Bf4 e5 17. Be3 Be6 18. Nc7 Rac8 19. Nxd5 Bxd5 20.
Qxd5 Rfd8 21. Qf3 Qe6 22. Rad1 f5 23. Rxd8+ Rxd8 24. h4 Rf8 25. Bb5 f4 26.
gxf4 exf4 27. Bd4 Qf5 28. Bxc6 bxc6 29. Qg2 Bf6 30. Bxf6 Rxf6 31. Rd1 Rg6
32. Rd8+ Kf7 33. Qxg6+ Kxg6 34. f3 Kh6 35. Rd1 Qh3 36. Rd2 Qxf3 37. Rf2 Qg3+
38. Rg2 Qe1+ 39. Kh2 f3 40. Rg1 Qe2+ 41. Kg3 f2 42. Rg2 f1=Q 43. Rxe2 Qxe2
44. Kf4 Qxb2 45. Ke5 Qxc3+ 46. Kd6 Qxa3+ 47. Kxc6 Qh3 48. Kb5 Qxh4 49. Kxa5
Qf6 {White forfeits on time} 0-1

[Event "ICC Open 2015"]
[Site "Internet Chess Club"]
[Date "2015.05.29"]
[Round "7"]
[White "orak"]
[Black "Piranha"]
[Result "0-1"]
[ICCResult "White checkmated"]
[WhiteElo "1598"]
[BlackElo "1792"]
[Opening "Sicilian defense"]
[ECO "B20"]
[NIC "SI.48"]
[Time "20:37:33"]
[TimeControl "180+0"]

1. e4 c5 2. c4 Nc6 3. Nc3 d6 4. g3 e5 5. Bg2 Be6 6. d3 Qd7 7. h3 f5 8. f4
Nf6 9. Nge2 g6 10. Nd5 Bg7 11. Be3 O-O 12. a3 Nd4 13. Rb1 exf4 14. Nexf4
Bxd5 15. exd5 Rae8 16. Qd2 Rxe3+ 17. Kd1 Rxg3 18. b4 b6 19. Re1 Re8 20.
Rxe8+ Qxe8 21. bxc5 Qa4+ 22. Ke1 dxc5 23. Kf2 Rxg2+ 24. Nxg2 Qxa3 25. Re1
Nh5 26. Re8+ Kf7 27. Qe3 Bf6 28. Rc8 Qb2+ 29. Kg1 g5 30. Qe8+ Kg7 31. Rc7+
Kh6 32. Qf8+ Bg7 33. Qxf5 Nxf5 34. Rc6+ Bf6 35. d6 Qc1+ 36. Kh2 Qd2 37. d7
Nh4 38. d8=Q Qxg2# {White checkmated} 0-1

[Event "ICC Open 2015"]
[Site "Internet Chess Club"]
[Date "2015.05.29"]
[Round "7"]
[White "Prof-chess"]
[Black "FedoseevVl95"]
[Result "0-1"]
[ICCResult "White forfeits on time"]
[WhiteElo "2794"]
[BlackElo "3059"]
[Opening "Sicilian: closed"]
[ECO "B23"]
[NIC "SI.44"]
[Time "20:37:03"]
[TimeControl "180+0"]

1. e4 c5 2. Nc3 g6 3. f4 Bg7 4. Nf3 Nc6 5. Bb5 e6 6. Bxc6 bxc6 7. e5 d5 8.
exd6 Nf6 9. O-O O-O 10. d3 Qxd6 11. Ne5 Ba6 12. Be3 Rfb8 13. b3 Rb4 14. a3
Rd4 15. Ne2 Nd5 16. Bd2 Nxf4 17. Nxf7 Nxe2+ 18. Qxe2 Qd5 19. c4 Qd7 20. Nh6+
Kh8 21. Rf7 Qd6 22. Rf3 Rf8 23. Raf1 Rxf3 24. Rxf3 Qe7 25. Bg5 Qe8 26. Nf7+
Kg8 27. Ne5 Bc8 28. Bf6 Bh6 29. g4 Rd8 30. g5 Bf8 31. Bxd8 Qxd8 32. Nxc6
Qxg5+ 33. Rg3 Qc1+ 34. Qf1 Qxf1+ 35. Kxf1 Bd6 36. Re3 Kf7 37. Ne5+ Kf6 38.
Ng4+ Kg5 39. h3 h5 40. Ne5 Kf6 41. Nf3 g5 42. Nd2 Bf4 43. Ne4+ Ke5 44. Re1
Kd4 45. Nd6 Bxd6 46. Ke2 e5 47. Kd2 Bf5 48. Rg1 Bxd3 49. Rxg5 Be4 50. h4 Be7
51. Rg7 Bxh4 52. Rd7+ Bd5 53. Rxd5+ Ke4 54. Rxc5 Bg5+ 55. Kc3 h4 56. Rc7 h3
57. Rh7 Bf4 {White forfeits on time} 0-1

[Event "ICC Open 2015"]
[Site "Internet Chess Club"]
[Date "2015.05.29"]
[Round "7"]
[White "Sjelan"]
[Black "smoothg"]
[Result "1-0"]
[ICCResult "Black checkmated"]
[WhiteElo "2203"]
[BlackElo "1791"]
[Opening "Modern defense"]
[ECO "A40"]
[NIC "QO.17"]
[Time "20:37:19"]
[TimeControl "180+0"]

1. d4 g6 2. Nf3 Bg7 3. c3 d6 4. Bf4 c6 5. e3 Nd7 6. Nbd2 Ngf6 7. h3 O-O 8.
Bh2 Qc7 9. Be2 e6 10. Nc4 Ne8 11. a4 e5 12. dxe5 dxe5 13. O-O f6 14. Qb3 Nc5
15. Qa3 b6 16. a5 Rb8 17. axb6 axb6 18. b4 Ne6 19. Rfd1 Kh8 20. Qb2 c5 21.
b5 Bb7 22. Ra7 Rd8 23. Rxd8 Nxd8 24. Nfd2 Qb8 25. Qa2 Bd5 26. e4 Be6 27. Qa6
Nd6 28. Nxd6 Qxd6 29. Nc4 Bxc4 30. Bxc4 Ne6 31. Ra8 Qd1+ 32. Bf1 h6 33.
Rxf8+ Nxf8 34. Qxb6 f5 35. Qxc5 f4 36. Qd5 Qc1 37. b6 Qxc3 38. b7 Qb4 39.
Qc6 g5 40. Qc8 Bf6 41. b8=Q Qxb8 42. Qxb8 Kg7 43. Qc7+ Kg6 44. Bc4 g4 45.
Qf7+ Kg5 46. Qxf8 h5 47. h4+ Kg6 48. Qf7+ Kh6 49. Qxf6+ Kh7 50. Bf7 f3 51.
Qg6+ Kh8 52. Qh6# {Black checkmated} 1-0

[Event "ICC Open 2015"]
[Site "Internet Chess Club"]
[Date "2015.05.29"]
[Round "7"]
[White "bennywins"]
[Black "Svinotigr"]
[Result "0-1"]
[ICCResult "White checkmated"]
[WhiteElo "1169"]
[BlackElo "1622"]
[Opening "Old Indian defense"]
[ECO "A42"]
[NIC "OI.07"]
[Time "20:37:48"]
[TimeControl "180+0"]

1. d4 d6 2. c4 Nd7 3. e4 e5 4. Nf3 g6 5. dxe5 dxe5 6. Nc3 Bg7 7. Bg5 Ngf6 8.
Bd3 O-O 9. Qc2 Re8 10. O-O-O c6 11. a3 Qe7 12. h4 h5 13. Rhg1 a5 14. Nh2 Nc5
15. g4 hxg4 16. Bxf6 Qxf6 17. Nxg4 Qf4+ 18. Ne3 a4 19. Rg4 Qh6 20. Rg3 Qxh4
21. Kb1 Qf4 22. Qe2 Be6 23. Rf3 Qh6 24. Bc2 Rad8 25. Rxd8 Rxd8 26. Nxa4 Nxa4
27. Bxa4 Rd4 28. Bb3 Rxe4 29. Ka2 Qh1 30. Bd1 Rf4 31. Rxf4 exf4 32. Nc2 Qh3
33. Qf3 Qf5 34. Nd4 Bxd4 35. Bb3 Bg7 36. Qe2 Qf6 37. Qd1 Qxb2#
{White checkmated}
0-1

[Event "ICC Open 2015"]
[Site "Internet Chess Club"]
[Date "2015.05.29"]
[Round "7"]
[White "jakemate"]
[Black "MD1"]
[Result "0-1"]
[ICCResult "White forfeits on time"]
[WhiteElo "1786"]
[BlackElo "1625"]
[Opening "Dutch defense"]
[ECO "A81"]
[NIC "HD.12"]
[Time "20:37:25"]
[TimeControl "180+0"]

1. d4 f5 2. g3 Nf6 3. Bg2 d5 4. Nh3 e6 5. O-O Bd6 6. c4 O-O 7. Nd2 c5 8. Nf3
Nbd7 9. b3 b6 10. Nf4 Qe8 11. Nd3 Bb7 12. Bb2 Rb8 13. e3 e5 14. dxe5 Nxe5
15. Nfxe5 Bxe5 16. Nxe5 d4 17. Bxb7 Rxb7 18. exd4 cxd4 19. Qxd4 Ne4 20. f3
Ng5 21. Rfe1 Re7 22. Nd3 Nxf3+ 23. Kg2 Nxd4 24. Bxd4 Rxe1 25. Nxe1 Qe2+ 26.
Bf2 Rd8 27. Nf3 g5 28. Re1 Qxa2 29. Nxg5 Rd2 30. Rf1 Qxb3 31. Kg1 Qc2 32.
Ne6 a5 33. Nd4 Qxc4 34. Nxf5 a4 35. Be3 Rd7 36. Nh6+ Kh8 37. Bf4 Qd4+ 38.
Kg2 Qe4+ 39. Kg1 Qe7 40. Rf3 Rd1+ {White forfeits on time} 0-1